 Dungeon Crawl Stone Soup version 0.32-a0-909-gc671339a80 (webtiles) character file.

Game seed: 13096159646532305594

463366 Dirtsage the Bludgeoner (level 23, -5/184 HPs)
             Began as a Demonspawn Monk on Apr 3, 2024.
             Was the Champion of Wu Jian.
             Killed from afar by an acid blob (13 damage)
             ... with a splash of acid
             ... created by the Royal Jelly
             ... on level 5 of the Pits of Slime on Apr 6, 2024.
             The game lasted 02:59:56 (44068 turns).

Dirtsage the Bludgeoner (Demonspawn Monk)          Turns: 44068, Time: 02:59:57

Health: -5/184     AC: 24    Str: 20    XL:     23   Next: 11%
Magic:  0/29       EV: 14    Int:  8    God:    Wu Jian [******]
Gold:   2938       SH: 29    Dex: 18    Spells: 37/41 levels left

rFire   + + .        V - +1 eveningstar "Brilliance" {foul flame, Umbra}
rCold   + + +        s - +8 tower shield of the Wheelwright {Rampage rElec rN+++ Int-4}
rNeg    + + +        I - +2 chain mail {Will+}
rPois   +            O - +1 helmet {Int+3}
rElec   +            p - scarf "Hemeilec" {rC+ rF+, Slay+3}
rCorr   +            (gloves unavailable)
SInv    +            W - +2 pair of boots of Uguetz {rF+ rC++}
Will    +++..        z - amulet of regeneration Stlth
                     S - ring of see invisible
HPRegen 1.30/turn    R - ring "Litelimeet" {rPois Will+ rCorr Int-2}
MPRegen 0.42/turn

%: guardian spirit, rampage
@: engulfed (cannot breathe), corroded, in a heavenly storm, serpent's lash
A: thin metallic scales 3, powered by death 1, magic shield, magic regeneration,
black mark, bedeviling, aura of silence, demonic touch 3, low MP 2
}: 3/15 runes: decaying, silver, gossamer
a: Renounce Religion, Wall Jump, Serpent's Lash, Heavenly Storm


You were on level 5 of the Pits of Slime.
You worshipped Wu Jian.
Wu Jian was exalted by your worship.
You visited 9 branches of the dungeon, and saw 44 of its levels.
You visited the Abyss 1 time.
You also visited: Sewer and Ice Cave.

You collected 7124 gold pieces.
You spent 4186 gold pieces at shops.

Inventory:

Hand Weapons
 C - a +7 eveningstar of flaming
 V - the +1 eveningstar "Brilliance" (weapon) {foul flame, Umbra}
   (You found it on level 1 of the Lair of Beasts)

   Umbra:     It surrounds you with an aura of shadow, increasing your stealth
   and reducing the accuracy of all others within it.
Armour
 p - the scarf "Hemeilec" (worn) {rC+ rF+, Slay+3}
   (You found it on level 4 of the Spider Nest)

   Slay+3:    It affects your accuracy & damage with ranged weapons and melee
   (+3).
 s - the +8 tower shield of the Wheelwright (worn) {Rampage rElec rN+++ Int-4}
   (You bought it in a shop on level 4 of the Dungeon)

   Int-4:     It affects your intelligence (-4).
   rElec:     It insulates you from electricity.
   rN+++:     It renders you almost immune to negative energy.
   Rampage:   It bestows one free step when moving towards enemies.
 I - a +2 chain mail of willpower (worn)
 O - a +1 helmet of intelligence (worn)
 Q - the scarf of the Aged Tables {+Inv, Will+}
   (You found it on level 2 of the Vaults)

   Will+:     It increases your willpower.
 W - the +2 pair of boots of Uguetz (worn) {rF+ rC++}
   (You found it on level 4 of the Spider Nest)

   rF+:       It protects you from fire.
   rC++:      It greatly protects you from cold.
Jewellery
 r - the ring of Equivalence {rC+ MP+9 Int+6}
   (You found it on level 2 of the Elven Halls)

   [ring of intelligence]

   Int+6:     It affects your intelligence (+6).
   rC+:       It protects you from cold.
   MP+9:      It affects your magic capacity (+9).
 y - a +6 ring of strength
 z - an amulet of regeneration (around neck)
 F - a ring of willpower
 N - an amulet of reflection
 P - a ring of poison resistance
 R - the ring "Litelimeet" (right hand) {rPois Will+ rCorr Int-2}
   (You bought it in a shop on level 2 of the Elven Halls)

   [ring of resist corrosion]

   Int-2:     It affects your intelligence (-2).
   rPois:     It protects you from poison.
   Will+:     It increases your willpower.
   rCorr:     It protects you from acid and corrosion.
 S - a ring of see invisible (left hand)
Wands
 a - a wand of mindburst (35)
 u - a wand of roots (25)
 D - a wand of digging (3)
 M - a wand of quicksilver (22)
 U - a wand of flame (51)
Scrolls
 e - 8 scrolls of enchant armour
 f - 5 scrolls of revelation
 g - 3 scrolls of fear
 i - 17 scrolls of identify
 k - 2 scrolls of silence
 t - 5 scrolls of teleportation
 x - 2 scrolls of poison
 A - 10 scrolls of immolation
 B - 10 scrolls of blinking
 E - 11 scrolls of fog
 K - 2 scrolls of torment
 X - 5 scrolls of enchant weapon
 Y - 2 scrolls of butterflies
Potions
 b - 5 potions of brilliance
 d - 4 potions of might
 h - 2 potions of haste
 j - 3 potions of cancellation
 l - 9 potions of heal wounds
 m - 3 potions of berserk rage
 n - 5 potions of resistance
 o - 4 potions of magic
 q - 14 potions of curing
 v - 9 potions of mutation
 w - 9 potions of ambrosia
 G - a potion of enlightenment
 H - 5 potions of lignification
 J - a potion of invisibility
 L - 7 potions of attraction
Miscellaneous
 c - a phantom mirror
 T - a Gell's gravitambourine (inert)
 Z - a sack of spiders


   Skills:
 + Level 16.1 Fighting
 + Level 17.8 Maces & Flails
 * Level 17.2 Armour
 + Level 13.4 Dodging
 + Level 17.7 Shields
 + Level 9.9 Spellcasting
 - Level 13.0 Translocations
 - Level 13.0 Air Magic
 - Level 7.3 Shapeshifting


You had 37 spell levels left.
You knew the following spells:

 Your Spells              Type           Power      Damage    Failure   Level
a - Vhi's Electric Charg  Tloc/Air       48%        N/A       7%          4

Your spell library contained the following spells:

 Spells                   Type           Power      Damage    Failure   Level
 Maxwell's Portable Pile  Tloc           24%        2d(7-20)  1%          3
 Passage of Golubria      Tloc           24%        N/A       7%          4
 Mercury Vapours          Alch/Air       28%        N/A       14%         2
 Volatile Blastmotes      Fire/Tloc      28%        2d12      28%         3
 Mephitic Cloud           Conj/Alch/Air  10%        N/A       56%         3
 Iskenderun's Mystic Bla Conj/Tloc 14%            2d5        (+2d2     67%         4
 Summon Lightning Spire   Summ/Air       14%        N/A       67%         4
 Freeze                   Ice            12%        1d3       80%         1
 Kiss of Death            Conj/Necr      12%        2d6       80%         1
 Necrotise                Necr           12%        1d4       80%         1
 Sandblast                Erth           6%         2d5       80%         1
 Sting                    Conj/Alch      12%        1d3       80%         1
 Scorch                   Fire           6%         2d5       91%         2
 Sublimation of Blood     Necr           3%         N/A       91%         2
 Arcjolt                  Conj/Air       7%         1d17      95%         5
 Silence                  Hex/Air        10%        N/A       95%         5
 Call Canine Familiar     Summ           3%         N/A       99%         3
 Dazzling Flash           Conj/Hex       10%        N/A       99%         3
 Frozen Ramparts          Ice            6%         1d1       99%         3
 Hailstorm                Conj/Ice       3%         3d5       99%         3
 Inner Flame              Hex/Fire       5%         N/A       99%         3
 Sigil of Binding         Hex            5%         N/A       99%         3
 Stone Arrow              Conj/Erth      6%         3d7       99%         3
 Summon Ice Beast         Ice/Summ       3%         N/A       99%         3
 Tukima's Dance           Hex            5%         N/A       99%         3
 Vampiric Draining        Necr           3%         2d6       99%         3
 Anguish                  Hex/Necr       2%         N/A       100%        4
 Animate Armour           Summ/Erth      6%         N/A       100%        4
 Animate Dead             Necr           3%         N/A       100%        4
 Brom's Barrelling Bould  Conj/Erth      3%         2d3       100%        4
 Cause Fear               Hex            2%         N/A       100%        4
 Flame Wave               Conj/Fire      3%         2d5       100%        4
 Fulminant Prism          Conj/Alch      1%         3d5       100%        4
 Ignite Poison            Fire/Alch      3%         N/A       100%        4
 Martyr's Knell           Necr/Summ      3%         N/A       100%        4
 Olgreb's Toxic Radiance  Alch           3%         N/A       100%        4
 Petrify                  Alch/Erth      3%         N/A       100%        4
 Sticky Flame             Fire/Alch      3%         2d4       100%        4
 Summon Blazeheart Golem  Fire/Summ      3%         N/A       100%        4
 Borgnjor's Vile Clutch   Necr/Erth      1%         N/A       100%        5
 Curse of Agony           Necr           3%         N/A       100%        5
 Fireball                 Conj/Fire      1%         3d3       100%        5
 Irradiate                Conj/Alch      1%         3d12      100%        5
 Iskenderun's Battlesphe  Conj           3%         2d6       100%        5
 Lee's Rapid Deconstruct  Erth           1%         3d4*      100%        5
 Summon Mana Viper        Hex/Summ       5%         N/A       100%        5
 Yara's Violent Unravell  Hex/Alch       2%         3d3       100%        5
 Conjure Ball Lightning   Conj/Air       7%         3x3d6     100%        6
 Death Channel            Necr           1%         N/A       100%        6
 Permafrost Eruption      Ice/Erth       1%         2x4d2     100%        6
 Plasma Beam              Fire/Air       7%         2x1d17    100%        6
 Sculpt Simulacrum        Ice/Alch       1%         N/A       100%        6
 Summon Cactus Giant      Summ           1%         N/A       100%        6
 Enfeeble                 Hex            2%         N/A       100%        7
 Monstrous Menagerie      Summ           1%         N/A       100%        7
 Orb of Destruction       Conj           1%         9d5       100%        7
 Ozocubu's Refrigeration  Ice            1%         4d7       100%        7
 Spellforged Servitor     Conj/Summ      1%         N/A       100%        7
 Ignition                 Fire           1%         3d3       100%        8
 Lehudib's Crystal Spear  Conj/Erth      1%         10d2      100%        8
 Maxwell's Capacitive Co  Air            12%        ∞         100%        8
 Dragon's Call            Summ           1%         N/A       100%        9
 Polar Vortex             Ice            1%         N/A       100%        9


Dungeon Overview and Level Annotations

Branches:
Dungeon (15/15)            Temple (1/1) D:4            Lair (5/5) D:9
  Swamp (4/4) Lair:2       Spider (4/4) Lair:2        Slime (5/5) Lair:4
    Orc (2/2) D:11            Elf (3/3) Orc:2        Vaults (5/5) D:13
  Crypt (0/3) Vaults:3     Depths (0/4) D:15          Sewer (visited)
  IceCv (visited)

Altars:
Ashenzari
Cheibriados
Dithmenos
Fedhas
Gozag
Hepliaklqana
Kikubaaqudgha
Makhleb
Nemelex Xobeh
Okawaru
Qazlal
Ru
Sif Muna
Trog
Uskayaw
Vehumet
Wu Jian
Xom
Yredelemnul
Beogh
Jiyva
Lugonu

Shops:
D:3 !   D:4 ([[(:(   Orc:2 =[(*   Elf:2 :=:   Vaults:5 :

Portals:
Trove: D:10 (give +7 demon trident)

Annotations:
D:8 exclusion: oklob plant
Lair:1 6 runed translucent doors
Lair:2 2 transporters, Turgor's ghost, journeyman DsAl
Swamp:2 exclusion: oklob plant
Vaults:4 Mennas


Innate Abilities, Weirdness & Mutations

You are completely covered in thin metallic scales. (AC +4, rElec)
You regenerate a little health from kills.
When hurt, damage is shared between your health and your magic reserves.
You regenerate magic rapidly.
Your melee attacks may debilitate your foes.
Your hexes are more powerful.
You are surrounded by an aura of silence.
Your touch may irresistibly damage your foes and sap their willpower.
Your magical capacity is very low. (-20% MP)


Message History

The acid blob closely misses you.
The azure jelly hits you but does no damage.
The azure jelly hits you!
* * * LOW HITPOINT WARNING * * *
The azure jelly freezes you! You resist.
* * * LOW HITPOINT WARNING * * *
The azure jelly barely misses you. The azure jelly closely misses you.
The acid blob misses you. The quicksilver ooze hits you.
The quicksilver ooze hits you but does no damage.
The azure jelly hits you but does no damage. x3
The azure jelly closely misses you. The quicksilver ooze misses you.
The quicksilver ooze barely misses you.
The quicksilver ooze completely misses you.
The quicksilver ooze barely misses you. The acid blob barely misses you.
The azure jelly misses you. The azure jelly hits you.
* * * LOW HITPOINT WARNING * * *
The azure jelly freezes you. You resist.
* * * LOW HITPOINT WARNING * * *
The azure jelly hits you.
* * * LOW HITPOINT WARNING * * *
The azure jelly barely misses you. The acid blob barely misses you.
You take 7 damage, and have 18/184 hp.
You feel better.
* * * LOW HITPOINT WARNING * * *
Your lungs strain for air!
You block the quicksilver ooze's attack.
The quicksilver ooze barely misses you. You block the azure jelly's attack. x2
The azure jelly closely misses you. You block the azure jelly's attack.
The ooze engulfing you falls away.
You gasp with relief as air once again reaches your lungs.
The quicksilver ooze hits you. The quicksilver ooze engulfs you!
The quicksilver ooze completely misses you.
The quicksilver ooze hits you!
* * * LOW HITPOINT WARNING * * *
The quicksilver ooze hits you but does no damage.
The acid blob spits acid at you.
The splash of acid hits you but does no damage.
The acid blob spits acid at you. The splash of acid hits you! You resist.
You die...

**............#####..☼..........
*,..............§○..○☼.........,
**...........#.#☼#.#§☼.........*
*,..........##☼☼○..##..........,
**.........####○#.####.........*
*...###..#.* #○..# *,##.##.#,,*
***###**#########J#####*#####****
,***,,,,,($##.JJJJJJ..##)(![!,,**
,,,*,,,,,[?...JJ@JJ°...#$?))),,**
,,,**,,,:[....JJJJJJ...##$/|/,**,
,,,,*:==|)....JJJJJ.....#!:|/,*,,
,,,,*#(|!...............##:$[***,
,,,,,#!!(................#!?!**,,
,,,,,*#)#................##/#*,,,
.....**/#.........J.......#)#*,,,
.....,*##....J............###*,,,
.....,*#........._.JJ☼J☼...#*,,,,


You could see 5 acid blobs, 6 azure jellies, 3 rockslimes and 6 quicksilver
oozes.

Vanquished Creatures
  the Royal Jelly (Slime:5)
  A dread lich (Vaults:5)
  2 ancient liches (Vaults:5)
  Mara (Spider:4)
  Margery (Vaults:4)
  4 golden dragons (Vaults:5)
  Norris (Elf:1)
  The ghost of Ge0ff the Phalangite, an adept OnBe of Trog (Spider:4)
  Arachne (Spider:4)
  Rupert (D:14)
  A tentacled monstrosity (Vaults:5)
  Mlioglotl (Spider:4)
  5 deep elf blademasters
  6 titans (Vaults:5)
  4 deep elf master archers (Elf:3)
  Asterion (Spider:3)
  17 acid blobs
  A searing wretch (Vaults:4)
  6 sphinxes
  2 thorn hunters
  4 tengu reavers (Vaults:5)
  Agnes (Spider:4)
  The ghost of Ohem the Peltast, an adept FoFi of Qazlal (Elf:2)
  2 shadow dragons (Vaults:5)
  2 storm dragons (Vaults:5)
  5 azure jellies (Slime:5)
  A revenant (Vaults:3)
  10 deep elf sorcerers
  10 rockslimes
  2 ghost moths
  A fire giant (Vaults:5)
  13 vault wardens
  Louise (Spider:2)
  3 iron dragons (Vaults:5)
  4 emperor scorpions
  7 deep elf elementalists (Elf:3)
  2 ghouls (Swamp:1)
  8 very ugly things
  5 orc warlords
  6 stone giants (Vaults:5)
  7 broodmothers
  21 ironbound preservers
  A formless jellyfish (Vaults:1)
  11 ironbound thunderhulks
  6 quicksilver oozes
  A deep elf death mage (Vaults:4)
  3 deep elf demonologists
  5 eleionomae
  7 deep elf annihilators
  2 bunyips
  A spark wasp (Spider:4)
  6 war gargoyles
  Azrael (Spider:2)
  4 dire elephants
  2 eidola (Vaults:3)
  A shambling mangrove (Swamp:4)
  3 ettins (Vaults:5)
  2 crystal guardians
  15 yaktaur captains
  A jiangshi (Vaults:3)
  11 great orbs of eyes
  8 entropy weavers
  5 deep elf high priests
  2 caustic shrike simulacra (IceCv)
  22 hydras
  4 peacekeepers
  35 vault guards
  13 alligators
  2 ogre magi
  3 jorogumos (Spider:4)
  A torpor snail (shapeshifter) (Vaults:5)
  3 ghost crabs
  A catoblepas (D:13)
  16 centaur warriors
  9 ironbound frosthearts
  7 boulder beetles
  26 dancing weapons
  4 radroaches
  11 two-headed ogres
  A death yak (Lair:3)
  A sphinx skeleton (D:15)
  An orc high priest (Orc:2)
  15 deep elf knights
  5 demonic crawlers
  4 skysharks
  A vampire mage (D:15)
  4 hell knights
  3 skysharks (shapeshifter) (Vaults:5)
  7 skeletal warriors
  10 spriggan druids
  6 deep elf archers
  2 pharaoh ants
  9 goliath frogs
  7 orb spiders
  A sea snake (shapeshifter) (Elf:2)
  4 arcanists
  7 swamp dragons (Swamp:4)
  25 ironbound convokers
  3 sun moths
  37 deep trolls
  5 bog bodies
  3 orange crystal statues
  3 necromancers
  3 phantasmal warriors
  4 large abominations (Abyss:2)
  2 obsidian bats
  9 steelbarb worms
  19 orc knights
  2 thermic dynamos (Elf:2)
  17 lindwurms
  16 ugly things
  9 harpies
  5 orc sorcerers
  24 deep elf zephyrmancers
  18 deep elf pyromancers
  4 cyclopes
  2 manticores (shapeshifter) (Vaults:5)
  2 will-o-the-wisps
  24 wolf spiders
  6 manticores
  A salamander (shapeshifter) (Vaults:5)
  2 shining eyes (shapeshifter) (Vaults:5)
  3 worldbinders (Abyss:2)
  7 meliai
  An elephant (D:9)
  2 meliai (shapeshifter) (Elf:2)
  A water nymph (shapeshifter) (Elf:2)
  12 torpor snails
  An apocalypse crab (Abyss:2)
  5 moths of wrath
  An eye of devastation (shapeshifter) (Vaults:5)
  2 gargoyles
  6 kobold blastminers
  An elephant (shapeshifter) (Vaults:5)
  An eye of devastation (Slime:5)
  13 vault sentinels
  7 black mambas
  A smoke demon (Abyss:2)
  An unseen horror (D:11)
  17 cane toads
  An efreet (D:14)
  3 rime drakes
  A komodo dragon (shapeshifter) (Elf:2)
  An anaconda simulacrum (IceCv)
  20 yaktaurs
  11 freezing wraiths
  A golden dragon simulacrum (IceCv)
  6 komodo dragons
  A yaktaur skeleton (Vaults:3)
  7 trolls
  5 polar bears
  33 tarantellas
  A merfolk (shapeshifter) (Vaults:5)
  33 jumping spiders
  9 tyrant leeches
  An alligator simulacrum (IceCv)
  16 hornets
  2 glass eyes (Slime:5)
  7 raiju (Abyss:2)
  21 blink frogs
  11 dream sheep
  73 slime creatures
  A slime creature (shapeshifter) (Vaults:5)
  A shadow (D:12)
  A small abomination (Abyss:2)
  A spriggan skeleton (D:15)
  4 air elementals
  21 culicivoras
  A vampire (D:13)
  2 ynoxinuls (Abyss:2)
  16 spriggans
  A yak (shapeshifter) (Elf:2)
  2 wyverns
  A dire elephant simulacrum (IceCv)
  A human (shapeshifter) (D:15)
  4 basilisks
  2 water elementals
  5 wraiths
  A golden eye (shapeshifter) (Elf:2)
  6 steam dragons
  71 yaks
  A basilisk (shapeshifter) (Elf:2)
  4 wargs
  4 fire elementals
  5 golden eyes
  40 redbacks
  22 vampire mosquitoes
  A chaos spawn (Abyss:2)
  A neqoxec (Abyss:2)
  14 swamp worms
  4 acid dragons
  Duvessa (D:5)
  5 hydra simulacra (IceCv)
  3 hell hounds
  An ogre skeleton (Vaults:3)
  12 water moccasins
  2 ettin simulacra (IceCv)
  24 orc warriors
  10 swamp drakes
  12 ogres
  6 black bears
  8 boggarts
  A laughing skull (D:13)
  10 wolves
  9 centaurs
  A phantom (D:6)
  5 kobold brigands
  A human skeleton (Vaults:3)
  Blork the orc (D:5)
  26 bullfrogs
  A gnoll sergeant (D:13)
  9 scorpions
  4 earth elementals
  13 wights
  Dowan (D:5)
  2 lindwurm simulacra (IceCv)
  10 killer bees
  4 howler monkeys
  11 electric eels
  A bombardier beetle (D:7)
  A quasit (Abyss:2)
  4 hounds
  2 jellies (D:5)
  14 orc priests
  A gnoll bouda (D:6)
  8 starcursed masses (Abyss:2)
  6 iguanas
  19 orc wizards
  A hell rat (Lair:3)
  12 adders
  9 gnolls
  A shadow imp (D:6)
  5 white imps
  6 ufetubi
  9 dart slugs
  4 ribbon worms
  62 orcs
  13 ball pythons
  9 endoplasms
  21 giant cockroaches
  7 goblins
  3 hobgoblins (D:1)
  7 jackals
  31 kobolds
  7 quokkas
  13 bats
  6 frilled lizards
  3 rats
1824 creatures vanquished.

Vanquished Creatures (collateral kills)
  A tarantella (Spider:4)
1 creature vanquished.

Vanquished Creatures (others)
  A deep elf annihilator (Elf:3)
  A deep elf knight (Elf:1)
  An orb spider (Spider:3)
  2 bloated husks (Swamp:2)
  A tyrant leech (Spider:3)
  2 redbacks
  An orc wizard (Orc:1)
  2 orcs
  2 foxfires (Swamp:2)
  11 starspawn tentacles (Abyss:2)
24 creatures vanquished.

Grand Total: 1849 creatures vanquished

Notes
Turn   | Place    | Note
-------+----------+-------------------------------------------
     0 | D:1      | Dirtsage the Demonspawn Monk began the quest for the Orb.
     0 | D:1      | Reached XP level 1. HP: 18/18 MP: 1/1
    75 | D:1      | Gained mutation: You are partially covered in thin metallic
                  | scales. (AC +2) [demonic ancestry]
    75 | D:1      | Reached XP level 2. HP: 13/24 MP: 2/2
   343 | D:1      | Gained mutation: You regenerate a little health from kills.
                  | [demonic ancestry]
   343 | D:1      | Reached XP level 3. HP: 29/29 MP: 3/3
   633 | D:1      | Found a faded altar of an unknown god.
   863 | D:1      | Found a hazy altar of Hepliaklqana.
  1777 | D:3      | Found Wutz's Distillery.
  1810 | D:3      | Reached XP level 4. HP: 30/35 MP: 4/4
  1834 | D:3      | Bought a potion of heal wounds for 55 gold pieces
  1834 | D:3      | Bought a potion of curing for 33 gold pieces
  2207 | D:4      | Reached skill level 5 in Maces & Flails
  2215 | D:4      | Found Toes's Antique Armour Shop.
  2336 | D:4      | Gained mutation: Your touch may inflict minor irresistible
                  | damage on your foes. [demonic ancestry]
  2336 | D:4      | Reached XP level 5. HP: 25/41 MP: 5/5
  2390 | D:4      | Found a glowing drain.
  2436 | Sewer    | Entered a sewer
  2687 | Sewer    | Reached XP level 6. HP: 12/47 MP: 6/6
  2993 | D:4      | Found a sparkling altar of Nemelex Xobeh.
  3010 | D:4      | Found Vum Zole's Antique Weapon Shoppe.
  3011 | D:4      | Found Uvvid's Armour Emporium.
  3046 | D:4      | Found a staircase to the Ecumenical Temple.
  3070 | Temple   | Entered the Ecumenical Temple
  3079 | Temple   | Became a worshipper of the Wu Jian Council
  3079 | Temple   | Reached * piety under Wu Jian
  3079 | Temple   | Reached ** piety under Wu Jian
  3161 | D:4      | Found Teeruaf's Antique Weapon Boutique.
  3209 | D:4      | Found Azalain's Book Shoppe.
  3252 | D:4      | Bought a glowing morningstar for 175 gold pieces
  3262 | D:4      | Gained mutation: Your touch may inflict irresistible damage
                  | on your foes. [demonic ancestry]
  3262 | D:4      | Reached XP level 7. HP: 52/52 MP: 7/7
  3333 | D:4      | Found Ytoalen's Firing Range.
  3728 | D:5      | Entered Level 5 of the Dungeon
  3728 | D:5      | Noticed Duvessa
  3729 | D:5      | Noticed Dowan
  3877 | D:5      | Killed Duvessa
  3882 | D:5      | Killed Dowan
  3970 | D:5      | Reached XP level 8. HP: 58/58 MP: 8/8
  4155 | D:5      | Reached *** piety under Wu Jian
  4263 | D:5      | Noticed Blork the orc
  4268 | D:5      | Killed Blork the orc
  4338 | D:5      | Reached skill level 10 in Maces & Flails
  4987 | D:5      | Identified a scroll of acquirement
  4987 | D:5      | Acquired 934 gold pieces
  5014 | D:4      | Bought the +8 tower shield of the Wheelwright {Rampage
                  | rElec rN+++ Int-4} for 853 gold pieces
  5014 | D:4      | Bought a +1 helmet for 138 gold pieces
  5054 | D:6      | Reached skill level 1 in Shields
  5575 | D:7      | Gained mutation: You are mostly covered in thin metallic
                  | scales. (AC +3) [demonic ancestry]
  5575 | D:7      | Reached XP level 9. HP: 63/63 MP: 9/9
  5602 | D:7      | Found a basalt altar of Yredelemnul.
  5781 | D:7      | Reached **** piety under Wu Jian
  5940 | D:7      | Reached skill level 5 in Shields
  7075 | D:8      | Found a blossoming altar of Fedhas.
  7086 | D:8      | Noticed an oklob plant
  7318 | D:9      | Noticed an elephant
  7339 | D:9      | Killed an elephant
  7340 | D:9      | Gained mutation: You regenerate magic rapidly. [demonic
                  | ancestry]
  7340 | D:9      | Reached XP level 10. HP: 64/71 MP: 10/10
  7392 | D:9      | Found a staircase to the Lair.
  7651 | D:9      | Noticed a skeletal warrior
  7651 | D:9      | Noticed a skeletal warrior
  7653 | D:9      | Noticed a skeletal warrior
  7663 | D:9      | Noticed a skeletal warrior
  8162 | Lair:1   | Entered Level 1 of the Lair of Beasts
  8178 | Lair:1   | Reached skill level 5 in Fighting
  8265 | Lair:1   | Noticed a cane toad
  8267 | Lair:1   | Found a runed translucent door.
  8270 | Lair:1   | Banished a cane toad
  8277 | Lair:1   | You fall into a shaft and drop 1 floor!
  8293 | Lair:2   | Noticed a cane toad
  8297 | Lair:2   | Killed a cane toad
  8350 | Lair:2   | Gained mutation: When hurt, damage is shared between your
                  | health and your magic reserves. [demonic ancestry]
  8350 | Lair:2   | Reached XP level 11. HP: 81/81 MP: 11/11
  8354 | Lair:2   | Reached ***** piety under Wu Jian
  8378 | Lair:2   | Noticed a boulder beetle
  8401 | Lair:2   | Killed a boulder beetle
  8693 | Lair:2   | Found a transporter.
  8695 | Lair:2   | Found a transporter.
  8695 | Lair:2   | Noticed a spriggan rider
  8720 | Lair:2   | Noticed Turgor's ghost (journeyman DsAl)
  8726 | Lair:2   | Found a bloodstained altar of Trog.
  9368 | Lair:1   | Found the +1 eveningstar "Brilliance" {foul flame, Umbra}
  9469 | Lair:1   | Found a runed translucent gate.
  9471 | Lair:1   | Found a runed translucent gate.
  9473 | Lair:1   | Found a runed translucent gate.
  9473 | Lair:1   | Found a runed translucent gate.
  9473 | Lair:1   | Found a runed translucent gate.
  9473 | Lair:1   | Noticed a boulder beetle
  9473 | Lair:1   | Noticed a lindwurm
  9473 | Lair:1   | Noticed a lindwurm
  9474 | Lair:1   | Found a runed translucent gate.
  9474 | Lair:1   | Noticed a boulder beetle
  9486 | Lair:1   | Reached skill level 10 in Shields
  9614 | Lair:2   | Found a hole to the Spider Nest.
  9674 | Lair:2   | Noticed a five-headed hydra
  9689 | Lair:2   | Killed a five-headed hydra
  9693 | Lair:2   | Reached XP level 12. HP: 61/91 MP: 8/12
 10008 | Lair:2   | Found a staircase to the Swamp.
 10157 | Lair:2   | Acquired a manual of Shields
 10418 | Spider:1 | Entered Level 1 of the Spider Nest
 10461 | Lair:3   | Identified the +5 dire flail of the Median {freeze, Int+2}
 10540 | Lair:3   | Reached skill level 1 in Armour
 10600 | Lair:3   | Noticed an alligator
 10609 | Lair:3   | Noticed a six-headed hydra
 10615 | Lair:3   | Noticed a death yak
 10620 | Lair:3   | Killed an alligator
 10637 | Lair:3   | Killed a death yak
 10643 | Lair:3   | Killed a six-headed hydra
 10864 | Lair:3   | Noticed an alligator
 10864 | Lair:3   | Noticed a dire elephant
 10887 | Lair:3   | Killed a dire elephant
 10895 | Lair:3   | Killed an alligator
 11535 | Lair:3   | Reached XP level 13. HP: 99/99 MP: 13/13
 11796 | Lair:4   | Reached ****** piety under Wu Jian
 12030 | Lair:4   | Found a staircase to the Slime Pits.
 12852 | Lair:5   | Entered Level 5 of the Lair of Beasts
 13174 | Lair:5   | Reached skill level 15 in Maces & Flails
 13174 | Lair:5   | Reached skill level 5 in Dodging
 13549 | Lair:5   | Reached skill level 5 in Armour
 14240 | D:3      | Bought a potion of enlightenment for 55 gold pieces
 14240 | D:3      | Bought a potion of curing for 33 gold pieces
 14240 | D:3      | Bought a potion of might for 44 gold pieces
 14383 | D:10     | Entered Level 10 of the Dungeon
 14448 | D:10     | Gained mutation: Your hexes are more powerful. [demonic
                  | ancestry]
 14448 | D:10     | Reached XP level 14. HP: 108/108 MP: 14/14
 14727 | D:10     | Found a portal to a secret trove of treasure.
 15411 | D:11     | Found a staircase to the Orcish Mines.
 15688 | D:11     | Reached skill level 15 in Shields
 16376 | D:13     | Found a gate to the Vaults.
 16376 | D:13     | Noticed an ironbound preserver
 16396 | D:13     | Killed an ironbound preserver
 16397 | D:13     | Reached skill level 10 in Fighting
 17626 | D:14     | Identified the +0 robe of Lugal {rC+ Dex+3 Archmagi}
 17776 | D:14     | Reached skill level 1 in Translocations
 17777 | D:14     | Reached skill level 1 in Air Magic
 17897 | D:14     | Noticed Rupert
 18138 | D:15     | Entered Level 15 of the Dungeon
 18228 | D:15     | Found a staircase to the Depths.
 18640 | D:15     | Gained mutation: Your melee attacks may debilitate your
                  | foes. [demonic ancestry]
 18640 | D:15     | Reached XP level 15. HP: 113/117 MP: 15/15
 19041 | Orc:1    | Entered Level 1 of the Orcish Mines
 19510 | Orc:2    | Entered Level 2 of the Orcish Mines
 19510 | Orc:2    | Found a staircase to the Elven Halls.
 19601 | Orc:2    | Found a roughly hewn altar of Beogh.
 19604 | Orc:2    | Found Naitonn's Jewellery Boutique.
 19622 | Orc:2    | Found Bisy Ube's Antique Armour Boutique.
 19634 | Orc:2    | Found Quh Joko's General Store.
 19647 | Orc:2    | Bought a potion of curing for 42 gold pieces
 19680 | Orc:2    | Bought a ring of poison resistance for 260 gold pieces
 19905 | Orc:2    | Found Goul's Antique Weapon Boutique.
 19991 | Orc:2    | Bought a pair of glowing boots for 262 gold pieces
 19991 | Orc:2    | Bought an embroidered cloak for 262 gold pieces
 19991 | Orc:2    | Bought a fine chain mail for 332 gold pieces
 19991 | Orc:2    | Identified the +0 chain mail "Hiremnau" {^Drain rC- rN++
                  | Will+} (You bought it in a shop on level 2 of the Orcish
                  | Mines)
 21434 | Spider:2 | Noticed Louise
 21481 | Abyss:2  | Cast into level 2 of the Abyss (Louise)
 21612 | Abyss:2  | Paralysed by accursed screaming for 2 turns
 21749 | Abyss:2  | Noticed an Executioner
 21766 | Abyss:2  | Reached skill level 5 in Translocations
 21794 | Abyss:2  | Reached skill level 5 in Air Magic
 21914 | Abyss:2  | Gained mutation: Your magical capacity is low. (-10% MP) [a
                  | neqoxec]
 21921 | Abyss:2  | Noticed a tentacled starspawn
 22087 | Abyss:2  | Reached XP level 16. HP: 43/127 MP: 14/14
 22241 | Spider:2 | Escaped the Abyss
 22267 | Spider:2 | Killed Louise
 22320 | Spider:2 | Noticed Azrael
 23126 | Spider:3 | Gained mutation: Your magical capacity is very low. (-20%
                  | MP) [mutagenic glow]
 23231 | Spider:3 | Identified the +3 kite shield of Honour {Will+ Dex+2}
 23231 | Spider:3 | Noticed Asterion
 23237 | Spider:3 | Noticed an Executioner
 23241 | Spider:3 | Killed Asterion
 23367 | Spider:4 | Entered Level 4 of the Spider Nest
 23369 | Spider:4 | Noticed Mlioglotl
 23394 | Spider:4 | Killed Mlioglotl
 23411 | Spider:4 | Noticed Arachne
 23426 | Spider:4 | Killed Arachne
 23621 | Spider:4 | Reached skill level 10 in Dodging
 23638 | Spider:4 | Gained mutation: You are surrounded by an aura of silence.
                  | [demonic ancestry]
 23638 | Spider:4 | Reached XP level 17. HP: 135/135 MP: 11/13
 23683 | Spider:4 | Got a gossamer rune of Zot
 23684 | Spider:4 | Identified the scarf "Hemeilec" {rC+ rF+, Slay+3}
 23698 | Spider:4 | Identified the +2 pair of boots of Uguetz {rF+ rC++}
 23961 | Spider:4 | Noticed Agnes
 23970 | Spider:4 | Killed Agnes
 23977 | Spider:4 | Noticed Mara
 24002 | Spider:4 | Killed Mara
 24118 | Spider:4 | Found a transporter.
 24120 | Spider:4 | Found a transporter.
 24120 | Spider:4 | Noticed Ge0ff's ghost (adept OnBe)
 24184 | Spider:4 | Killed Ge0ff's ghost
 24189 | Spider:4 | Reached skill level 10 in Armour
 24566 | Spider:2 | Killed Azrael
 25088 | Swamp:1  | Entered Level 1 of the Swamp
 25247 | Swamp:1  | Identified the +2 short sword of the Queen {elec, ^Drain
                  | rPois rF+++ rC+ Str-4}
 26319 | Swamp:3  | Reached skill level 1 in Shapeshifting
 26360 | Swamp:2  | Reached skill level 1 in Spellcasting
 26608 | Swamp:3  | Reached XP level 18. HP: 145/145 MP: 16/16
 26978 | Swamp:4  | Entered Level 4 of the Swamp
 27366 | Swamp:4  | Got a decaying rune of Zot
 27750 | Swamp:4  | Upgraded the game from 0.32-a0-893-gf85d74f360 to
                  | 0.32-a0-898-g7811c86cf0
 28064 | D:14     | Paralysed by Rupert for 5 turns
 28082 | D:14     | Killed Rupert
 28166 | D:14     | Identified the +5 whip "Ulysaim" {pain, rF+}
 28169 | D:14     | Identified the +3 hand axe "Yhutabuc" {spect, Str+2}
 28196 | D:14     | Identified the +0 ring mail of Qullucoq {rElec}
 28205 | D:14     | Identified the +3 leather armour of the Land of Plenty {rC-
                  | Regen+ Str+4}
 28486 | D:4      | Bought a +2 chain mail of willpower for 258 gold pieces
 28705 | Elf:1    | Entered Level 1 of the Elven Halls
 28845 | Elf:1    | Found a glacial archway.
 28856 | IceCv    | Entered an ice cave
 29111 | IceCv    | Found the ring of Shadows {Umbra +Inv Stlth+}
 29238 | Elf:1    | Noticed Norris
 29269 | Elf:1    | Killed Norris
 29755 | Elf:1    | Found a roughly hewn altar of Beogh.
 29779 | Elf:1    | Found a corrupted altar of Lugonu.
 29820 | Elf:1    | Identified the +6 rapier of Actus Reus {freeze, rCorr}
 30660 | Elf:2    | Found a transporter.
 30660 | Elf:2    | Noticed Ohem's ghost (adept FoFi)
 30675 | Elf:2    | Reached skill level 5 in Shapeshifting
 30679 | Elf:2    | Reached XP level 19. HP: 152/152 MP: 19/19
 30946 | Elf:2    | Found a runed translucent gate.
 30950 | Elf:2    | Found a runed translucent gate.
 30950 | Elf:2    | Found a runed translucent gate.
 30990 | Elf:2    | Found a transporter.
 31015 | Elf:2    | Found Hirat's Book Emporium.
 31015 | Elf:2    | Found Wiukodox's Jewellery Boutique.
 31016 | Elf:2    | Found Hiellem's Book Emporium.
 31027 | Elf:2    | Bought a ring of see invisible for 300 gold pieces
 31027 | Elf:2    | Bought the ring "Litelimeet" {rPois Will+ rCorr Int-2} for
                  | 652 gold pieces
 31572 | Elf:2    | Identified the blade talisman of Good Intentions {Fly rF+}
 31907 | Elf:3    | Entered Level 3 of the Elven Halls
 31963 | Elf:2    | Killed Ohem's ghost
 31980 | Elf:2    | Identified the ring of Equivalence {rC+ MP+9 Int+6}
 32240 | Elf:3    | Found a shimmering blue altar of Sif Muna.
 32457 | Elf:3    | Identified the +1 acid dragon scales of Hoavowi {^Contam
                  | rCorr Dex+3 SInv}
 32457 | Elf:3    | Identified the amulet of Geunuher {Harm ^Fragile Regen+
                  | rCorr Dex-2}
 32496 | Elf:3    | Identified the +0 leather armour of Transparent Leaves
                  | {rPois rF+ Will+ Dex+4}
 32501 | Elf:3    | Reached skill level 10 in Translocations
 32510 | Elf:3    | Reached skill level 5 in Spellcasting
 32516 | Elf:3    | Reached skill level 10 in Air Magic
 32529 | Elf:3    | Identified the +8 halberd "Oploas" {vamp, rF+ rN+}
 32538 | Elf:3    | Found the +7 great mace "Firestarter" {flame, immolate,
                  | rFlCloud rF++}
 32549 | Elf:3    | Got the Codex of Underground Bringing Forth
 32561 | Elf:3    | Identified the +0 cloak "Fyraem" {Fly Will- Regen+ rCorr}
 32567 | Elf:3    | Got the Papyrus of Unrefined Anemomancy
 32645 | Elf:3    | Identified the +4 shortbow of Chance {speed, rC+}
 32943 | Elf:3    | Paralysed by an air elemental for 1 turns
 33250 | Elf:3    | Paralysed by an air elemental for 1 turns
 33405 | D:11     | Upgraded the game from 0.32-a0-898-g7811c86cf0 to
                  | 0.32-a0-900-g30fb1b0edc
 33579 | Slime:1  | Entered Level 1 of the Pits of Slime
 33951 | Vaults:1 | Entered Level 1 of the Vaults
 34037 | Vaults:1 | Reached XP level 20. HP: 112/160 MP: 17/22
 34748 | D:4      | Bought a book of Lightning for 432 gold pieces
 34753 | D:4      | Learned a level 4 spell: Vhi's Electric Charge
 35129 | Vaults:1 | Upgraded the game from 0.32-a0-900-g30fb1b0edc to
                  | 0.32-a0-909-gc671339a80
 36263 | Vaults:2 | You fall into a shaft and drop 1 floor!
 37552 | Vaults:2 | Gained mutation: Your touch may irresistibly damage your
                  | foes and sap their willpower. [demonic ancestry]
 37552 | Vaults:2 | Reached XP level 21. HP: 158/167 MP: 23/25
 37578 | Vaults:2 | Identified the scarf of the Aged Tables {+Inv, Will+}
 39048 | Vaults:3 | Reached skill level 15 in Armour
 39637 | Vaults:3 | Found a staircase to the Crypt.
 39995 | Vaults:5 | Entered Level 5 of the Vaults
 40037 | Vaults:5 | Noticed a golden dragon
 40042 | Vaults:5 | Reached skill level 15 in Fighting
 40056 | Vaults:5 | Killed a golden dragon
 40166 | Vaults:5 | Reached XP level 22. HP: 175/175 MP: 27/27
 40204 | Vaults:5 | Identified the +6 flail "Lithraq" {pain, Dex+4}
 40207 | Vaults:5 | Identified the +10 scimitar "Ycsameu" {drain, +Blink}
 40207 | Vaults:5 | Noticed an ancient lich
 40210 | Vaults:5 | Killed an ancient lich
 40215 | Vaults:5 | Noticed a golden dragon
 40217 | Vaults:5 | Noticed a golden dragon
 40227 | Vaults:5 | Killed a golden dragon
 40231 | Vaults:5 | Killed a golden dragon
 40276 | Vaults:5 | Noticed an ancient lich
 40281 | Vaults:5 | Killed an ancient lich
 40332 | Vaults:5 | Identified the +5 flail of the Lumpy Blessings {heavy,
                  | rF++}
 40336 | Vaults:5 | Got a silver rune of Zot
 40340 | Vaults:5 | Identified the staff of Shame {rPois rF+ Int+2 Dex-5 SInv
                  | Alchemy}
 40568 | Vaults:5 | Identified the +11 short sword of Moderation {flame, Will+
                  | Dex+2 Stlth+}
 40793 | Vaults:5 | Noticed a golden dragon
 40805 | Vaults:5 | Killed a golden dragon
 40969 | Vaults:5 | Found Beogaeb's Book Shoppe.
 40980 | Vaults:5 | Identified the +1 falchion of Sobly {venom, Str+3}
 41473 | Vaults:5 | Noticed a dread lich
 41496 | Vaults:5 | Killed a dread lich
 41770 | Vaults:5 | Identified the +5 ring mail "Meleu" {Dex+3}
 41776 | Vaults:5 | Got the Compendium of Rot
 42061 | Vaults:4 | Noticed Margery
 42349 | Vaults:4 | Killed Margery
 42389 | Vaults:4 | Noticed Mennas
 43128 | Slime:5  | Entered Level 5 of the Pits of Slime
 43757 | Slime:5  | Noticed the Royal Jelly
 43762 | Slime:5  | Gained mutation: You are completely covered in thin
                  | metallic scales. (AC +4, rElec) [demonic ancestry]
 43762 | Slime:5  | Reached XP level 23. HP: 175/184 MP: 26/29
 43797 | Slime:5  | Found a viscous altar of Jiyva.
 43894 | Slime:5  | Found the +8 autumn katana {manifold assault}
 44064 | Slime:5  | Killed the Royal Jelly
 44068 | Slime:5  | HP: 8/184 [quicksilver ooze[the Royal Jelly] (10)]
 44068 | Slime:5  | Killed from afar by an acid blob

Illustrated notes

Levels and vault maps discovered:
D:1:      dpeg_arrival_water_altar, layout_basic,
          shapermc_ecumenical_altar_flowoftime, minmay_cupped
D:2:      layout_basic
D:3:      layout_rooms, serial_shops, shop
D:4:      layout_loops_ring, amcnicky_altar_gilded,
          nemelex_xobeh_ov_fountains_minmay, minmay_temple_entry_purple_smoke,
          serial_shops, shop, nicolae_shop_overgrown_old_shop, shop,
          nicolae_shop_just_a_little_nook, nicolae_shop_scrapyard,
          gup_sewer_entry_glass, nicolae_shop_firing_range
D:5:      layout_cave_pods, hangedman_decor_slide_cut, lemuel_flame_loot_1,
          uniq_duvessa, uniq_blork_the_orc
D:6:      layout_rooms
D:7:      layout_loops_ring, mainiacjoe_overflow_tiny_flanked
D:8:      layout_loops_ring, tgw_fedhas, grunt_ministairs_12
D:9:      layout_long_grid, david_lair_generic, dreamdust_princess_bridge,
          minmay_circle_x
D:10:     argonaut_augean_stables, layout_rooms, nicolae_trove_entry_free_sample
D:11:     layout_loops_ring, erik_orc_2, minmay_misc_feat_cross,
          minmay_microvault
D:12:     layout_basic, minmay_unpleasant_kobolds
D:13:     layout_small_grid, skrybe_vaults_entry_preservation,
          grunt_ministairs_2
D:14:     layout_roguey, amcnicky_mini_pool_small, minmay_protected_statue,
          uniq_rupert
D:15:     gammafunk_depths_entry_grave, layout_loops_ring, minmay_fountain_box,
          item_on_display_a
Temple:   nicolae_temple_two_arcs
Lair:1:   gammafunk_indiana_jones, layout_layer_cave,
          chequers_serial_rivers_small_a, nicolae_lair_lil_pond, minivault_25,
          grunt_megastairs_1
Lair:2:   layout_gridlike, minmay_swamp_entry_reptiles,
          nicolae_spider_entry_non_spiders, gammafunk_ghost_wrathful_warriors
Lair:3:   layout_cave_shapes, nicolae_lair_lakeside_cave
Lair:4:   layout_small_grid, minmay_slime_entry_oklob_enclosed,
          serial_bayou_lagoon_a, cheibrodos_lair_lostbears,
          infiniplex_staircase_pool_2
Lair:5:   minmay_lair_end_frog_pond, layout_gridlike,
          chequers_serial_rivers_micro_b, minivault_25
Swamp:1:  layout_falls_marsh, infiniplex_staircase_pool
Swamp:2:  layout_basic_swamp, nicolae_swamp_decorative_isthmus, swamp_pool_1_2,
          nicolae_swamp_big_swirl, nicolae_swamp_oklob_treasure_island
Swamp:3:  layout_basic_swamp, nicolae_swamp_dense_foliage, st_swamp_ruins_1
Swamp:4:  swamp, layout_basic_swamp, swamp_pool_4
Spider:1: layout_spider_delve
Spider:2: layout_spider_delve, uniq_louise, uniq_azrael
Spider:3: layout_cave_pods, nicolae_spider_swamp_cousins, uniq_asterion
Spider:4: hellmonk_spider_rune_endless_swarm, gammafunk_ghost_arena, uniq_agnes,
          uniq_arachne, uniq_mara, uniq_mlioglotl
Slime:1:  layout_caves
Slime:2:  layout_caves
Slime:3:  layout_caves, nicolae_slime_round_cave
Slime:4:  layout_caves
Slime:5:  slime_pit_nicolae_trefoil
Orc:1:    layout_caves, blackcustard_mines_bat_river
Orc:2:    grunt_orc_cross, layout_caves
Elf:1:    minmay_elf_arrival_circle, layout_loops_corners,
          portal_ice_cave_entry_horrid_things, nicolae_elf_theology_debate,
          minivault_20, uniq_norris
Elf:2:    nicolae_elf_blades_crystal_corner, layout_rooms, serial_glass,
          glass_columns_b, glass_columns_a, glass_columns_c, glass_columns_a,
          glass_columns_b, glass_columns_b, glass_columns_a, glass_columns_c,
          gammafunk_ghost_berserking_beasts, minmay_shop_grove
Elf:3:    minmay_elf_hall_furrowed, layout_onion_city, basic_altar, drop_trap,
          dk_noncrumbling_2
Vaults:1: vaults_dpeg_ring, nicolae_vaults_big_ls, ontoclasm_vaults_bender,
          nicolae_vaults_tetromino_Z_1, v_misc_3, v_alt_pattern_6,
          hangedman_vaults_restitches, nicolae_vaults_closet_pinwheel_1,
          nicolae_vaults_diamond_1, layout_vaults_quadrants
Vaults:2: grunt_vaults_twisty, ontoclasm_vaults_idyll, vaults_room_pool,
          ontoclasm_vaults_pinch, nicolae_vaults_offset_grid_hallway_4,
          nicolae_vaults_house_3, v_misc_12,
          vaults_room_grunt_arrival_checkpoint,
          hangedman_vaults_stretched_pinwheel, nicolae_vaults_shelves_hall,
          nicolae_vaults_offset_grid_hallway_1, nicolae_vaults_murder_corner,
          nicolae_vaults_apartment_1, nicolae_vaults_closet_pinwheel_2,
          layout_vaults_ring
Vaults:3: nicolae_vaults_stand_back, nicolae_vaults_shrinking_rooms_2,
          minmay_crypt_entry_simple_walls, nicolae_vaults_prndl,
          nicolae_vaults_puzzle_piece, nicolae_vaults_lightning_bolt,
          hangedman_vaults_locks, hangedman_vaults_hat, v_misc_26,
          nicolae_vaults_tetromino_L_1, nicolae_vaults_little_squares_1,
          vaults_room_pools, v_misc_12, vaults_room_stairs_pillars,
          layout_vaults_omnicross
Vaults:4: nicolae_vaults_big_angled_halls, nicolae_vaults_double_plus_1,
          nicolae_vaults_double_plus_1, nicolae_vaults_little_squares_2,
          nicolae_vaults_diffraction_hallways, nicolae_vaults_gold_heap,
          nicolae_vaults_closet_pinwheel_5, vaults_dpeg_diagonal,
          ontoclasm_vaults_twist, v_misc_16, v_misc_9, v_alt_pattern_4,
          nicolae_vaults_door_testing_chamber, layout_vaults_maze, serial_shops,
          shop, uniq_mennas, uniq_margery
Vaults:5

Skill      XL: |  1  2  3  4  5  6  7  8  9 10 11 12 13 14 15 16 17 18 19 20 21 22 |
---------------+-------------------------------------------------------------------+-----
Maces & Flails | 3 4 5 6 7 9 10 11 12 13 14 15 16 17 | 17.8
Shields        | 3 6 8 10 12 14 15 16 17 | 17.7
Fighting       | 4 5 7 8 9 10 11 12 13 14 15 16 | 16.1
Dodging        | 4 5 7 8 10 11 12 13 | 13.4
Armour         | 3 5 6 8 9 11 12 13 14 15 17 | 17.2
Translocations | 2 5 7 8 9 10 12 13 | 13.0
Air Magic      | 2 5 7 8 9 10 11 13 | 13.0
Shapeshifting  | 1 5 7 |  7.3
Spellcasting   | 1 3 5 7 8 9 |  9.9

Action                     |  1- 3 |  4- 6 |  7- 9 | 10-12 | 13-15 | 16-18 | 19-21 | 22-24 || total
---------------------------+-------+-------+-------+-------+-------+-------+-------+-------++-------
  Melee: Mace              |   115 |   255 |       |       |       |       |       |       ||   370
         Touch             |       |    15 |     9 |       |       |       |       |       ||    24
         Morningstar       |       |     2 |   242 |   261 |       |       |       |       ||   505
         Eveningstar       |       |       |       |   334 |  2009 |  2386 |  2523 |  1212 ||  8464
   Cast: Vhi's Electric Ch |       |       |       |       |       |       |       |     3 ||     3
 Invoke: Serpent's Lash    |       |       |       |     1 |     6 |    11 |     5 |     9 ||    32
         Heavenly Storm    |       |       |       |       |     2 |     3 |     2 |     1 ||     8
Ability: Lunge             |       |     1 |    33 |    45 |   130 |   143 |   171 |    70 ||   593
         Whirlwind         |       |       |    46 |   199 |   763 |   797 |  1137 |   604 ||  3546
         Wall Jump         |       |       |       |       |     1 |     4 |       |       ||     5
  Evoke: Wand              |       |       |     1 |     6 |     1 |     5 |       |     1 ||    14
         Sack of spiders   |       |       |       |       |       |     1 |       |       ||     1
         Gell's gravitambo |       |       |       |       |       |       |       |     2 ||     2
    Use: Scroll            |       |     6 |     6 |     4 |    15 |    13 |     5 |     7 ||    56
         Potion            |       |     2 |       |       |     8 |     7 |     2 |    11 ||    30
   Stab: Sleeping          |       |       |       |       |     6 |     2 |       |       ||     8
         Distracted        |       |       |       |       |       |     1 |       |       ||     1
 Armour: Robe              |    52 |       |       |       |       |       |       |       ||    52
         Scale mail        |    18 |   230 |    91 |    11 |       |       |       |       ||   350
         Leather armour    |    11 |       |       |       |       |       |       |       ||    11
         Acid dragon scale |       |       |       |   142 |   453 |   543 |       |       ||  1138
         Chain mail        |       |       |       |       |       |   145 |   506 |   360 ||  1011
         Swamp dragon scal |       |       |       |       |       |     9 |       |       ||     9
  Dodge: Dodged            |    81 |   175 |    49 |    64 |   321 |   610 |   246 |   238 ||  1784
  Block: Tower shield      |       |       |   195 |   645 |  2234 |  2482 |  2369 |  1032 ||  8957
         Reflection        |       |       |       |     3 |    65 |    14 |   100 |    40 ||   222

Table legend: (Time is in decaauts)
 A = Elapsed time spent in this place.
 B = Non-inter-level travel time spent in this place.
 C = Inter-level travel time spent in this place.
 D = Time resting spent in this place.
 E = Time spent auto-exploring this place.
 F = Levels seen in this place.
 G = Mean time per level.
                   A        B        C        D        E       F      G
               +--------+--------+--------+--------+--------+-----+--------+
         Total |  44180 |  39724 |   4456 |   2253 |  26046 |  47 |  940.0 |
       Dungeon |  14392 |  11800 |   2592 |    636 |   8643 |  15 |  959.5 |
        Temple |     18 |      2 |     16 |      0 |      0 |   1 |   18.0 |
          Lair |   6494 |   5745 |    749 |    328 |   3992 |   5 | 1298.8 |
         Swamp |   2946 |   2752 |    194 |     64 |   1860 |   4 |  736.5 |
   Spider Nest |   3867 |   3635 |    232 |    162 |   1957 |   4 |  966.8 |
    Slime Pits |   1158 |   1158 |      0 |     44 |    368 |   5 |  231.6 |
  Orcish Mines |   1270 |   1195 |     75 |      0 |    870 |   2 |  635.0 |
   Elven Halls |   4291 |   4132 |    159 |    230 |   2820 |   3 | 1430.3 |
        Vaults |   8086 |   7650 |    436 |    344 |   5068 |   5 | 1617.2 |
         Abyss |    735 |    735 |      0 |    333 |     76 |   1 |  735.0 |
         Sewer |    612 |    612 |      0 |      0 |    361 |   1 |  612.0 |
      Ice Cave |    304 |    304 |      0 |    112 |     29 |   1 |  304.0 |
               +--------+--------+--------+--------+--------+-----+--------+

Top non-repeatable levels by time:
Vaults:3: 2189 daAuts
Vaults:5: 1940 daAuts
Vaults:1: 1807 daAuts
   Elf:1: 1761 daAuts
  Lair:4: 1635 daAuts
Vaults:2: 1594 daAuts
     D:5: 1488 daAuts
  Lair:3: 1460 daAuts
  Lair:2: 1442 daAuts
   Elf:3: 1308 daAuts
    D:13: 1246 daAuts
     D:8: 1243 daAuts
   Elf:2: 1221 daAuts
     D:4: 1198 daAuts
Spider:4: 1188 daAuts
